 Dungeon Crawl Stone Soup version 0.27-a0-262-gc50aac273e (webtiles) character file.

Game seed: 13543781346409821961

125 Froggeryz the Caller (level 4, -1/34 HPs)
             Began as a Mummy Summoner on Feb 4, 2021.
             Slain by an orc
             ... wielding a +0 flail
              (11 damage)
             ... on level 3 of the Dungeon.
             The game lasted 00:03:30 (2883 turns).

Froggeryz the Caller (Mummy Summoner)               Turns: 2883, Time: 00:03:30

Health: -1/34      AC:  2    Str: 11    XL:     4   Next: 82%
Magic:  3/8        EV: 12    Int: 15    God:
Gold:   124        SH:  0    Dex: 12    Spells: 5/8 levels left

rFire    x . .     SeeInvis .   b - +1 dagger (drain)
rCold    + . .     Faith    .   (no shield)
rNeg     + + +     Spirit   .   a - +0 robe
rPois    ∞         Reflect  .   (no helmet)
rElec    .         Harm     .   (no cloak)
rCorr    .         Rampage  .   (no gloves)
Will     .....                  (no boots)
Stlth    ++........             (no amulet)
HPRegen  0.11/turn              (no ring)
MPRegen  0.11/turn              (no ring)

@: no status effects
A: no potions, fire vulnerability, cold resistance 1, negative energy resistance
3, torment resistance, unbreathing
a: no special abilities


You were on level 3 of the Dungeon.
You visited 1 branch of the dungeon, and saw 3 of its levels.

You collected 124 gold pieces.

Inventory:

Hand Weapons
 b - a +1 dagger of draining (weapon)
Armour
 a - a +0 robe (worn)
Scrolls
 c - 3 scrolls of identify {unknown}
 d - 2 scrolls of magic mapping {unknown}
 f - a scroll of blinking {unknown}


   Skills:
 + Level 2.3 Fighting
 - Level 1.5 Dodging
 - Level 1.5 Stealth
 - Level 2.6 Spellcasting
 * Level 4.6 Summonings


You had 5 spell levels left.
You knew the following spells:

 Your Spells              Type           Power        Failure   Level
a - Summon Small Mammal   Summ           64%          3%          1
b - Call Imp              Summ           16%          4%          2

Your spell library contained the following spells:

 Spells                   Type           Power        Failure   Level
 Call Canine Familiar     Summ           16%          9%          3
 Summon Guardian Golem    Hex/Summ       9%           24%         3
 Summon Ice Beast         Ice/Summ       9%           61%         4
 Summon Lightning Spire   Summ/Air       9%           61%         4


Dungeon Overview and Level Annotations

Branches:
Dungeon (3/15)

Altars:
Xom


Innate Abilities, Weirdness & Mutations

You do not drink.
Your flesh is vulnerable to fire.
You are immune to poison.
Your flesh is cold resistant. (rC+)
You are immune to negative energy. (rN+++)
You are immune to unholy pain and torment.
You can survive without breathing.


Message History

Your white imp gestures at the hobgoblin.
The puff of frost hits the hobgoblin!
The hobgoblin dies!
You closely miss the hound.
The hound is moderately wounded.
The hound bites you. The goblin misses you.
The hound bites you but does no damage.
Your white imp gestures at the hound.
The puff of frost hits the hound!
The hound dies!
You closely miss the goblin. The goblin hits you with a +0 club.
Your iron imp hits the goblin!
The goblin dies!
You swap places.
You see here a +0 club.
The orc hits you with a +0 flail.
* * * LOW HITPOINT WARNING * * *
Found 17 sling bullets.
You barely miss the orc. The orc hits you with a +0 flail!
You die...

...............#
##'####........# #
#.........>...# #.
######'######## . #.
#........._..
..###.###............
.....................
.......).............
......o@.........###.
....^.55)..#######
(..............[.
.#######.........
#.##.##### #.# ...
#.# #### #.# #.#


You could see an orc, a friendly iron imp (summoned) and a friendly white imp
(summoned).

Vanquished Creatures
  A jelly (D:2)
  A shadow imp (D:3)
  An ooze (D:3)
  3 worms
  A leopard gecko (D:3)
  7 orcs (D:3)
  2 giant cockroaches
  3 goblins
  A hobgoblin (D:1)
  2 jackals (D:2)
  A quokka (D:2)
  3 ball pythons
  3 bats
  3 frilled lizards
  3 kobolds
  6 rats
41 creatures vanquished.

Vanquished Creatures (collateral kills)
  A hound (D:3)
  An adder (D:3)
  A worm (D:3)
  2 orcs (D:3)
  A bat (D:3)
  A goblin (D:3)
  A hobgoblin (D:3)
  A kobold (D:1)
  A rat (D:1)
10 creatures vanquished.

Grand Total: 51 creatures vanquished

Notes
Turn   | Place    | Note
-------+----------+-------------------------------------------
     0 | D:1      | Froggeryz the Mummy Summoner began the quest for the Orb.
     0 | D:1      | Reached XP level 1. HP: 13/13 MP: 4/4
   472 | D:1      | Reached XP level 2. HP: 20/20 MP: 5/5
   977 | D:2      | Reached skill level 1 in Fighting
   977 | D:2      | Reached skill level 4 in Summonings
   977 | D:2      | Reached XP level 3. HP: 24/26 MP: 5/7
  1442 | D:2      | Learned a level 2 spell: Call Imp
  1915 | D:3      | Reached XP level 4. HP: 20/33 MP: 4/8
  1925 | D:3      | HP: 1/33 [shadow imp (3)]
  2865 | D:3      | Found a shimmering altar of Xom.
  2883 | D:3      | Slain by an orc

Illustrated notes

Levels and vault maps discovered:
D:1:      dpeg_arrival_connections, layout_loops_cross
D:2:      layout_basic
D:3:      layout_basic, overflow_temple_1_default

Skill      XL: |  1  2  3  4 |
---------------+-------------+-----
Fighting       | 1 2 |  2.3
Summonings     | 4 |  4.6
Dodging        | |  1.5
Stealth        | |  1.5
Spellcasting   | |  2.6

Action                   |  1- 3 |  4- 6 || total
-------------------------+-------+-------++-------
Melee: Dagger            |    85 |    50 ||   135
 Cast: Summon Small Mamm |    11 |       ||    11
       Call Imp          |     3 |     5 ||     8
 Stab: Sleeping          |     2 |     2 ||     4
Armor: Robe              |    15 |     8 ||    23
Dodge: Dodged            |    46 |    22 ||    68

Table legend: (Time is in decaauts)
 A = Elapsed time spent in this place.
 B = Non-inter-level travel time spent in this place.
 C = Inter-level travel time spent in this place.
 D = Time resting spent in this place.
 E = Time spent auto-exploring this place.
 F = Levels seen in this place.
 G = Mean time per level.
                   A        B        C        D        E       F      G
               +--------+--------+--------+--------+--------+-----+--------+
         Total |   2882 |   2779 |    103 |    597 |   1733 |   3 |  960.7 |
       Dungeon |   2882 |   2779 |    103 |    597 |   1733 |   3 |  960.7 |
               +--------+--------+--------+--------+--------+-----+--------+

Top non-repeatable levels by time:
     D:2: 1462 daAuts
     D:1: 818 daAuts
     D:3: 601 daAuts
